[Event "Velammal AICF Women GM 2024"]
[Site "Chennai"]
[Date "2024.03.23"]
[Round "9.4"]
[White "Monnisha G K"]
[Black "Mahalakshmi, M."]
[Result "1/2-1/2"]
[ECO "B13"]
[WhiteElo "2202"]
[BlackElo "2242"]
[Annotator "RC"]
[PlyCount "62"]
[EventDate "2024.03.18"]
[EventType "tourn"]
[EventCountry "IND"]
[SourceTitle "playchess.com"]
[Source "ChessBase"]
[SourceQuality "1"]
[TimeControl "5400+30"]

1. e4 c6 2. d4 d5 3. exd5 cxd5 4. c4 Nf6 5. Nc3 Nc6 6. Nf3 Bg4 7. cxd5 Nxd5 8. Qb3 Bxf3 9. gxf3 e6 10. Qxb7 Nxd4 11. Bb5+ Nxb5 12. Qc6+ Ke7 13. Qxb5 Qd7 14. Nxd5+ Qxd5 15. Qxd5 exd5 16. Be3 Ke6 17. O-O-O Bb4 18. a3 Rhc8+ 19. Kb1 Bc5 20. Rhe1 Bxe3 21. Rxe3+ Kd6 22. Red3 Rc5 23. b4 Rb5 24. Kb2 Re8 25. R1d2 Re5 26. Rd4 Re7 27. R4d3 Re5 28. Rd1 Rf5 29. Rc1 Re5 30. Rcd1 Rf5 31. Rc1 Ke5 1/2-1/2

[Event "Velammal AICF Women GM 2024"]
[Site "Chennai"]
[Date "2024.03.23"]
[Round "9.5"]
[White "Enkhtuul, Altan-Ulzii"]
[Black "Velpula Sarayu"]
[Result "1/2-1/2"]
[ECO "E65"]
[WhiteElo "2195"]
[BlackElo "2389"]
[Annotator "RC"]
[PlyCount "76"]
[EventDate "2024.03.18"]
[EventType "tourn"]
[EventCountry "IND"]
[SourceTitle "playchess.com"]
[Source "ChessBase"]
[SourceQuality "1"]
[TimeControl "5400+30"]

1. d4 Nf6 2. c4 g6 3. Nc3 Bg7 4. g3 O-O 5. Bg2 d6 6. Nf3 c5 7. O-O Nc6 8. e3 Bg4 9. h3 Bxf3 10. Bxf3 Nd7 11. Ne2 Qb6 12. Bxc6 bxc6 13. b3 d5 14. Bb2 Qa6 15. Qc2 cxd4 16. exd4 dxc4 17. Qxc4 Qxc4 18. bxc4 c5 19. Rad1 Rfc8 20. dxc5 Nxc5 21. Bxg7 Kxg7 22. Nc3 Ne6 23. Nd5 Kf8 24. Ne3 Rc6 25. Rd7 Ra6 26. Rd2 Rc8 27. Rb1 Nc5 28. Rb5 e6 29. Rdb2 Ke7 30. h4 h5 31. Re2 Ra3 32. Rc2 Rc7 33. Re2 Kf6 34. Rc2 Rc6 35. Kf1 a6 36. Rb1 Ne4 37. Kg2 Ra5 38. Rb7 Rac5 1/2-1/2

[Event "Velammal AICF Women GM 2024"]
[Site "Chennai"]
[Date "2024.03.24"]
[Round "10.2"]
[White "Velpula Sarayu"]
[Black "Uuriintuya, Uurtsaikh"]
[Result "1/2-1/2"]
[ECO "B38"]
[WhiteElo "2389"]
[BlackElo "2288"]
[Annotator "RC"]
[PlyCount "82"]
[EventDate "2024.03.18"]
[EventType "tourn"]
[EventCountry "IND"]
[SourceTitle "playchess.com"]
[Source "ChessBase"]
[SourceQuality "1"]
[TimeControl "5400+30"]

1. e4 c5 2. Nf3 Nc6 3. d4 cxd4 4. Nxd4 g6 5. c4 Bg7 6. Be3 Nf6 7. Nc3 d6 8. Be2 O-O 9. O-O Bd7 10. h3 Nxd4 11. Bxd4 Bc6 12. Qc2 a5 13. b3 Nd7 14. Bxg7 Kxg7 15. a3 Qb6 16. Rab1 Qd4 17. Rbd1 Qe5 18. Kh1 Nc5 19. Bd3 Ne6 20. Ne2 Nd4 21. Nxd4 Qxd4 22. f4 Rfc8 23. Qe2 Qc3 24. Rb1 Bd7 25. Qe3 Kg8 26. Rfc1 Qf6 27. Be2 Rc7 28. Rf1 a4 29. b4 Rac8 30. Rbc1 Qb2 31. e5 dxe5 32. fxe5 Be6 33. Rcd1 Bxc4 34. Bxc4 Rxc4 35. Qf3 Qxe5 36. Qxf7+ Kh8 37. Rde1 Re4 38. Rc1 Rd8 39. Rcd1 Rc8 40. Rc1 Rd8 41. Rcd1 Rc8 1/2-1/2

[Event "Velammal AICF Women GM 2024"]
[Site "Chennai"]
[Date "2024.03.24"]
[Round "10.3"]
[White "Mahalakshmi, M."]
[Black "Enkhtuul, Altan-Ulzii"]
[Result "1/2-1/2"]
[ECO "D02"]
[WhiteElo "2242"]
[BlackElo "2195"]
[Annotator "RC"]
[PlyCount "91"]
[EventDate "2024.03.18"]
[EventType "tourn"]
[EventCountry "IND"]
[SourceTitle "playchess.com"]
[Source "ChessBase"]
[SourceQuality "1"]
[TimeControl "5400+30"]

1. d4 d5 2. Nf3 c5 3. dxc5 e6 4. e4 Bxc5 5. exd5 exd5 6. Bb5+ Nc6 7. O-O Nge7 8. Nbd2 O-O 9. Nb3 Bb6 10. Bf4 Ng6 11. Bg3 a6 12. Bxc6 bxc6 13. Ne5 Qf6 14. Nxg6 fxg6 15. c3 Ra7 16. Kh1 Raf7 17. Qd2 g5 18. Nd4 g4 19. Rae1 h5 20. Be5 Qg6 21. f4 c5 22. Nc2 h4 23. b4 h3 24. bxc5 Bxc5 25. Nd4 hxg2+ 26. Qxg2 Rd8 27. Re3 Bxd4 28. Bxd4 Bf5 29. Kg1 Bd3 30. Rf2 Rb7 31. Rb2 Rxb2 32. Qxb2 Re8 33. Qb7 Rxe3 34. Bxe3 Bc4 35. Bd4 Kh7 36. a4 g3 37. Qb2 Qd3 38. hxg3 Qxg3+ 39. Qg2 Qe1+ 40. Kh2 Qe7 41. Qh3+ Kg8 42. Qc8+ Kf7 43. Qf5+ Kg8 44. Qc8+ Kh7 45. Qf5+ Kg8 46. Qc8+ 1/2-1/2

[Event "Velammal AICF Women GM 2024"]
[Site "Chennai"]
[Date "2024.03.24"]
[Round "10.4"]
[White "Chitlange Sakshi"]
[Black "Monnisha G K"]
[Result "1/2-1/2"]
[ECO "A47"]
[WhiteElo "2175"]
[BlackElo "2202"]
[Annotator "RC"]
[PlyCount "61"]
[EventDate "2024.03.18"]
[EventType "tourn"]
[EventCountry "IND"]
[SourceTitle "playchess.com"]
[Source "ChessBase"]
[SourceQuality "1"]
[TimeControl "5400+30"]

1. d4 Nf6 2. Bf4 e6 3. e3 c5 4. Nf3 b6 5. Nc3 Nh5 6. Bg5 Be7 7. Bxe7 Qxe7 8. Nb5 d5 9. c4 a6 10. Nc3 dxc4 11. Ne5 Nf6 12. Nxc4 Nbd7 13. dxc5 Qxc5 14. Qd6 Qxd6 15. Nxd6+ Ke7 16. Rd1 Rd8 17. Be2 Nc5 18. Nxc8+ Raxc8 19. O-O b5 20. a3 Nb3 21. Rxd8 Rxd8 22. Rd1 Rxd1+ 23. Bxd1 Nc5 24. Bc2 h6 25. Kf1 Ng4 26. h3 Ne5 27. b3 Nc6 28. b4 Nd7 29. Be4 Kd6 30. Ke2 Nde5 31. Bxc6 1/2-1/2

[Event "Velammal AICF Women GM 2024"]
[Site "Chennai"]
[Date "2024.03.24"]
[Round "10.5"]
[White "Sedina, Elena"]
[Black "Franco Valencia, Angela"]
[Result "1/2-1/2"]
[ECO "C54"]
[WhiteElo "2161"]
[BlackElo "2095"]
[Annotator "RC"]
[PlyCount "97"]
[EventDate "2024.03.18"]
[EventType "tourn"]
[EventCountry "IND"]
[SourceTitle "playchess.com"]
[Source "ChessBase"]
[SourceQuality "1"]
[TimeControl "5400+30"]

1. e4 e5 2. Bc4 Nc6 3. Nf3 Bc5 4. O-O d6 5. c3 Nf6 6. d3 a6 7. a4 Ba7 8. Re1 O-O 9. h3 Be6 10. Bxe6 fxe6 11. b4 Nh5 12. Nbd2 Qf6 13. Nf1 Qg6 14. Ra2 Nf4 15. Bxf4 Rxf4 16. b5 Ne7 17. N1h2 a5 18. Qe2 Raf8 19. d4 exd4 20. cxd4 Bb6 21. Kh1 Kh8 22. Rd2 Qh5 23. Kg1 Qf7 24. Rd3 Ng6 25. g3 h6 26. Kh1 Rf6 27. Kg2 Qe8 28. Qd2 e5 29. Ng4 R6f7 30. Re2 exd4 31. e5 Qe6 32. exd6 Qxd6 33. Nxd4 Qb4 34. Ne6 Qxd2 35. Rexd2 Re8 36. Rd8 Rfe7 37. Rxe8+ Rxe8 38. Nd8 Re4 39. Ra2 h5 40. Ne3 Ne5 41. h4 Bxe3 42. fxe3 b6 43. Ne6 Nc4 44. Nxc7 Rxe3 45. Rc2 Re4 46. Nd5 Rd4 47. Kf2 Kh7 48. Nf4 Ne5 49. Ra2 1/2-1/2

[Event "Velammal AICF Women GM 2024"]
[Site "Chennai"]
[Date "2024.03.24"]
[Round "10.6"]
[White "Maisuradze, Nino"]
[Black "Gomes, Mary Ann"]
[Result "1/2-1/2"]
[ECO "E32"]
[WhiteElo "2254"]
[BlackElo "2322"]
[Annotator "RC"]
[PlyCount "61"]
[EventDate "2024.03.18"]
[EventType "tourn"]
[EventCountry "IND"]
[SourceTitle "playchess.com"]
[Source "ChessBase"]
[SourceQuality "1"]
[TimeControl "5400+30"]

1. d4 Nf6 2. c4 e6 3. Nc3 Bb4 4. Qc2 d6 5. a3 Bxc3+ 6. Qxc3 Nbd7 7. g3 e5 8. Bg2 exd4 9. Qxd4 Qe7 10. b4 a5 11. Bb2 axb4 12. axb4 Rxa1+ 13. Bxa1 c5 14. bxc5 Nxc5 15. Bc3 Bf5 16. Nh3 Nd3+ 17. Kf1 Nc5 18. Nf4 Be6 19. Bf3 Nb3 20. Qd3 Nc5 21. Qd4 Nb3 22. Qd3 Nc5 23. Bxf6 Qxf6 24. Qc2 O-O 25. Kg2 g5 26. Nd5 Qe5 27. Rb1 Kh8 28. Ne3 f5 29. g4 fxg4 30. Nxg4 Bxg4 31. Bxg4 1/2-1/2

[Event "Velammal AICF Women GM 2024"]
[Site "Chennai"]
[Date "2024.03.25"]
[Round "11.1"]
[White "Gomes, Mary Ann"]
[Black "Bommini Mounika Akshaya"]
[Result "1-0"]
[ECO "A11"]
[WhiteElo "2322"]
[BlackElo "2134"]
[Annotator "RC"]
[PlyCount "77"]
[EventDate "2024.03.18"]
[EventType "tourn"]
[EventCountry "IND"]
[SourceTitle "playchess.com"]
[Source "ChessBase"]
[SourceQuality "1"]
[TimeControl "5400+30"]

1. Nf3 d5 2. e3 c6 3. c4 Nf6 4. Nc3 a6 5. b3 Bf5 6. Bb2 e6 7. Be2 h6 8. d3 Nbd7 9. Qc2 Bh7 10. a3 b5 11. cxb5 cxb5 12. b4 Bd6 13. O-O O-O 14. Qb3 Qe7 15. Rfc1 Nb6 16. a4 bxa4 17. Nxa4 Nbd7 18. Nd4 Rfc8 19. Nc6 Bxh2+ 20. Kh1 Rxc6 21. Rxc6 Ne4 22. dxe4 Qh4 23. Bf3 Ne5 24. Bxe5 Bxe5+ 25. Kg1 Qh2+ 26. Kf1 Bxa1 27. exd5 exd5 28. Qxd5 Rb8 29. Nc5 Qh1+ 30. Ke2 Bc3 31. Bh5 Bc2 32. Bxf7+ Kh8 33. Nd7 Qe1+ 34. Kf3 Rd8 35. Kg3 Ba4 36. Qa5 Rf8 37. Nxf8 Bxc6 38. Ng6+ Kh7 39. Qf5 1-0

[Event "Velammal AICF Women GM 2024"]
[Site "Chennai"]
[Date "2024.03.25"]
[Round "11.2"]
[White "Franco Valencia, Angela"]
[Black "Maisuradze, Nino"]
[Result "1/2-1/2"]
[ECO "B32"]
[WhiteElo "2095"]
[BlackElo "2254"]
[Annotator "RC"]
[PlyCount "74"]
[EventDate "2024.03.18"]
[EventType "tourn"]
[EventCountry "IND"]
[SourceTitle "playchess.com"]
[Source "ChessBase"]
[SourceQuality "1"]
[TimeControl "5400+30"]

1. e4 c5 2. Nf3 Nc6 3. d4 cxd4 4. Nxd4 e5 5. Nb5 d6 6. N1c3 a6 7. Na3 b5 8. Nd5 Nge7 9. Bg5 h6 10. Bxb5 hxg5 11. Nxe7 axb5 12. Nxc6 Qd7 13. Nb4 Ra4 14. c3 d5 15. Qxd5 Bxb4 16. cxb4 Qxd5 17. exd5 Rxb4 18. O-O Bd7 19. Rfe1 f6 20. f3 Ke7 21. b3 Rbh4 22. h3 Rc8 23. Rec1 Rxc1+ 24. Rxc1 Rd4 25. Nc2 Rxd5 26. Nb4 Rd2 27. Rc7 Kd6 28. Ra7 Kc5 29. a3 Kd6 30. Ra6+ Kc7 31. Ra8 Rb2 32. Ra7+ Kd6 33. Nd3 Rd2 34. Ra6+ Kd5 35. Ra7 Kd6 36. Ra6+ Kd5 37. Ra7 Kd6 1/2-1/2

[Event "Velammal AICF Women GM 2024"]
[Site "Chennai"]
[Date "2024.03.25"]
[Round "11.4"]
[White "Enkhtuul, Altan-Ulzii"]
[Black "Chitlange Sakshi"]
[Result "1-0"]
[ECO "E01"]
[WhiteElo "2195"]
[BlackElo "2175"]
[Annotator "RC"]
[PlyCount "104"]
[EventDate "2024.03.18"]
[EventType "tourn"]
[EventCountry "IND"]
[SourceTitle "playchess.com"]
[Source "ChessBase"]
[SourceQuality "1"]
[TimeControl "5400+30"]

1. d4 Nf6 2. Nf3 d5 3. g3 c5 4. c4 dxc4 5. Qa4+ Nc6 6. dxc5 e6 7. Qxc4 Qa5+ 8. Nbd2 Qxc5 9. Bg2 Bd7 10. O-O Rc8 11. Qxc5 Bxc5 12. Nb3 Be7 13. Be3 Nd5 14. Bc5 b6 15. Bxe7 Kxe7 16. Rac1 Rhd8 17. a3 h6 18. e4 Nf6 19. e5 Nd5 20. Nbd2 Nb8 21. Nc4 Ba4 22. Nd6 Rxc1 23. Rxc1 Bd7 24. Nd4 f6 25. f4 Na6 26. b4 Nac7 27. b5 Rf8 28. a4 g5 29. Ne4 gxf4 30. Nxf6 Kd8 31. Nxd5 exd5 32. Rf1 f3 33. Bxf3 Re8 34. Re1 a6 35. Bh5 Re7 36. bxa6 Nxa6 37. e6 Nc5 38. Bf7 Bxa4 39. Nf5 b5 40. Re5 Bb3 41. Nd4 Kc7 42. Nxb5+ Kb6 43. Nd4 Bc4 44. Nf5 Nd3 45. Re3 Ra7 46. e7 Ra1+ 47. Kg2 Ra2+ 48. Kf3 h5 49. Re6+ Kc5 50. Rc6+ Kb4 51. Rxc4+ Kxc4 52. e8=Q Rf2+ 1-0

[Event "Velammal AICF Women GM 2024"]
[Site "Chennai"]
[Date "2024.03.25"]
[Round "11.5"]
[White "Uuriintuya, Uurtsaikh"]
[Black "Mahalakshmi, M."]
[Result "1-0"]
[ECO "B10"]
[WhiteElo "2288"]
[BlackElo "2242"]
[Annotator "RC"]
[PlyCount "65"]
[EventDate "2024.03.18"]
[EventType "tourn"]
[EventCountry "IND"]
[SourceTitle "playchess.com"]
[Source "ChessBase"]
[SourceQuality "1"]
[TimeControl "5400+30"]

1. e4 c6 2. c4 d5 3. cxd5 cxd5 4. exd5 Nf6 5. Nc3 Nxd5 6. Nf3 Nc6 7. Bb5 Nc7 8. Bxc6+ bxc6 9. Ne5 Qd4 10. Qe2 Ba6 11. d3 e6 12. O-O Bc5 13. Rd1 Bb7 14. Nc4 Qd7 15. Qe5 Bf8 16. Ne4 Nd5 17. Ncd6+ Bxd6 18. Nxd6+ Kf8 19. b3 f6 20. Qg3 a5 21. Ba3 Ba6 22. Bc5 g6 23. Re1 Kg7 24. Re4 Nc3 25. Re3 Nb5 26. Ne4 Qc7 27. Qh4 Qe5 28. Rae1 Rhd8 29. Be7 g5 30. Nxg5 fxg5 31. Bxg5 Qd4 32. Qh6+ Kg8 33. Bf6 1-0

[Event "Velammal AICF Women GM 2024"]
[Site "Chennai"]
[Date "2024.03.25"]
[Round "11.6"]
[White "Rindhiya V"]
[Black "Velpula Sarayu"]
[Result "0-1"]
[ECO "B90"]
[WhiteElo "1953"]
[BlackElo "2389"]
[Annotator "RC"]
[PlyCount "64"]
[EventDate "2024.03.18"]
[EventType "tourn"]
[EventCountry "IND"]
[SourceTitle "playchess.com"]
[Source "ChessBase"]
[SourceQuality "1"]
[TimeControl "5400+30"]

1. e4 c5 2. Nf3 d6 3. d4 cxd4 4. Nxd4 Nf6 5. Nc3 a6 6. Be3 e5 7. Nb3 Be7 8. f3 Be6 9. Qd2 h5 10. Nd5 Nxd5 11. exd5 Bf5 12. Bd3 Bxd3 13. Qxd3 Bg5 14. O-O-O Nd7 15. Qd2 Bxe3 16. Qxe3 Rc8 17. Kb1 O-O 18. f4 Qc7 19. c3 a5 20. fxe5 dxe5 21. d6 Qd8 22. a4 Rc4 23. Qe2 Rxa4 24. Qb5 Rg4 25. Nxa5 Rxg2 26. Qxb7 Qg5 27. Qxd7 Qg6+ 28. Ka1 Qc2 29. Qb5 Ra8 30. Rb1 Rg4 31. b4 Rg2 32. Qd5 Qa4+ 0-1